 Dungeon Crawl Stone Soup version 0.31-a0-700-gf13585253f (webtiles) character file.

Game seed: 10283950251101455197

43 senseless the Shooter (level 3, -2/21 HPs)
             Began as a Deep Elf Hunter on Sept 7, 2023.
             Slain by a goblin
             ... wielding a +0 dagger
             ... led by Robin
              (3 damage)
             ... on level 2 of the Dungeon.
             The game lasted 00:02:34 (1090 turns).

senseless the Shooter (Deep Elf Hunter)             Turns: 1090, Time: 00:02:34

Health: -2/21      AC:  4    Str: 14    XL:     3   Next: 37%
Magic:  5/5        EV: 13    Int: 13    God:
Gold:   85         SH:  0    Dex: 20    Spells: 2/2 levels left

rFire   . . .        b - +1 short sword (venom)
rCold   . . .        (no shield)
rNeg    . . .        c - +0 leather armour
rPois   .            (no helmet)
rElec   .            (no cloak)
rCorr   .            (no gloves)
SInv    .            h - +0 pair of boots
Will    .....        (no amulet)
Stlth   ++           i - +6 ring of strength
HPRegen 0.23/turn    (no ring)
MPRegen 0.09/turn

%: no passive effects
@: no status effects
A: no striking features
a: no special abilities


You were on level 2 of the Dungeon.
You visited 1 branch of the dungeon, and saw 2 of its levels.

You collected 85 gold pieces.

Inventory:

Hand Weapons
 a - a +0 shortbow
 b - a +1 short sword of venom (weapon)
Armour
 c - a +0 leather armour (worn)
 h - a +0 pair of boots (worn)
Jewellery
 i - a +6 ring of strength (left hand)
Scrolls
 e - a scroll of revelation {unknown}
 g - a scroll of butterflies
 j - a scroll of poison {unknown}
 k - a scroll of identify {unknown}
Potions
 d - a potion of degeneration {unknown}
 f - a potion of lignification {unknown}


   Skills:
 + Level 2.1 Fighting
 + Level 5.8 Ranged Weapons
 + Level 3.1 Dodging
 + Level 2.3 Stealth


You had 2 spell levels left.
You didn't know any spells.
Your spell library was empty.

Dungeon Overview and Level Annotations

Branches:
Dungeon (2/15)

Altars:

Annotations:
D:2 Robin


Message History

The goblins go into a battle-frenzy!
A goblin comes into view. It is wielding a +0 dagger.
You hear a shout!
You shoot an arrow. The arrow hits the goblin.
You kill the goblin!
You hear a shout!
Robin throws the goblin at you!
A goblin comes into view. It is wielding a +0 club.
The goblin hits you with a +0 dagger.
A hobgoblin comes into view.
Your +1 short sword of venom begins to drip with poison!
b - a +1 short sword of venom (weapon)
The goblin hits you with a +0 dagger.
You closely miss the goblin. Robin throws the goblin at you!
The goblin barely misses you. The goblin hits you with a +0 dagger.
You hit the goblin but do no damage.
The goblin is poisoned.
Robin flexes a bicep menacingly.
Robin throws the goblin at you! The goblin barely misses you. x2
The goblin hits you with a +0 dagger.
You hit the goblin.
The goblin is poisoned.
The goblin is severely wounded.
A goblin comes into view. It is wielding a +0 dagger.
The goblin closely misses you. The goblin hits you with a +0 club.
* * * LOW HITPOINT WARNING * * *
The goblin hits you with a +0 dagger.
* * * LOW HITPOINT WARNING * * *
You hit the goblin.
You kill the goblin!
The goblin hits you with a +0 dagger.
* * * LOW HITPOINT WARNING * * *
The goblin barely misses you.
A hobgoblin comes into view.
The goblin barely misses you.
Things that are here:
a +0 dagger; a goblin corpse You hit the goblin.
The goblin is poisoned.
The goblin is moderately wounded.
You kill the goblin! x2
Robin throws the goblin at you! The goblin hits you with a +0 dagger.
You die...

#†# #..........
#)# ######.#######
#.#............(.#
#.#.##########.#.#
#.# #.#.# #.#
#...' #.# ########
#.# .......'
#@################
#gJg).gg.. #
########.. #


You could see Robin, an endoplasm, 2 hobgoblins and a goblin (strong).

Vanquished Creatures
  2 dart slugs
  4 bats
  3 endoplasms
  A giant cockroach (D:1)
  13 goblins
  3 hobgoblins
  A frilled lizard (D:1)
  5 kobolds
  3 rats
35 creatures vanquished.

Notes
Turn   | Place    | Note
-------+----------+-------------------------------------------
     0 | D:1      | senseless the Deep Elf Hunter began the quest for the Orb.
     0 | D:1      | Reached XP level 1. HP: 12/12 MP: 3/3
   141 | D:1      | Reached XP level 2. HP: 17/17 MP: 4/4
   804 | D:2      | Found a faded altar of an unknown god.
   808 | D:2      | Reached XP level 3. HP: 21/21 MP: 5/5
  1079 | D:2      | Noticed Robin
  1088 | D:2      | HP: 1/21 [goblin/+0 dagger[Robin] (3)]
  1090 | D:2      | Slain by a goblin

Illustrated notes

Levels and vault maps discovered:
D:1:      evilmike_arrival_crescent, layout_basic
D:2:      layout_basic, basic_altar, nicolae_ecumenical_pavilion, uniq_robin,
          uniq_jessica

Skill      XL: |  1  2  3 |
---------------+----------+-----
Stealth        | 2 |  2.3
Fighting       | 2 |  2.1
Dodging        | 3 |  3.1
Ranged Weapons | |  5.8

Action                     || total
---------------------------++-------
  Melee: Short sword       ||    11
   Fire: Shortbow          ||    83
 Armour: Leather armour    ||    18
  Dodge: Dodged            ||    24

Table legend: (Time is in decaauts)
 A = Elapsed time spent in this place.
 B = Non-inter-level travel time spent in this place.
 C = Inter-level travel time spent in this place.
 D = Time resting spent in this place.
 E = Time spent auto-exploring this place.
 F = Levels seen in this place.
 G = Mean time per level.
                   A        B        C        D        E       F      G
               +--------+--------+--------+--------+--------+-----+--------+
         Total |   1101 |   1074 |     27 |      0 |    907 |   2 |  550.5 |
       Dungeon |   1101 |   1074 |     27 |      0 |    907 |   2 |  550.5 |
               +--------+--------+--------+--------+--------+-----+--------+

Top non-repeatable levels by time:
     D:1: 813 daAuts
     D:2: 287 daAuts
